3A
MYRTLE BEACH SEAHAWKS @ PUT-IN-BAY BC
08/01/2030
 
TOP OF THE 1ST
Myrtle Beach Seahawks batting - Pitching for Put-In-Bay BC : RHP Jason Huggins
Pitching: RHP Jason Huggins
Batting: RHB Chuk-yan Yang 0-0: Called Strike
0-1: Ball
1-1: SINGLE (Groundball, 23) (infield hit)
Batting: LHB Anastasio Flores 0-0: Ball
1-0: Fly out, F5 (Popup, 56S)
Batting: RHB Qu-bing Thien 0-0: Foul Ball, location: 2F
0-1: Ball
1-1: Ball
2-1: Ball
3-1: SINGLE (Groundball, 6MD)
Chuk-yan Yang to second
Runner from 2nd tries for 3rd, OUT after rundown.
Batting: LHB Shohei Otani 0-0: Ball
1-0: Called Strike
1-1: Fly out, F6 (Line Drive, 6)
Top of the 1st over - 0 runs, 2 hits, 0 errors, 1 left on base; Myrtle Beach 0 - Put-In-Bay 0
BOTTOM OF THE 1ST
Put-In-Bay BC batting - Pitching for Myrtle Beach Seahawks : RHP Kyle Overhill
Pitching: RHP Kyle Overhill
Batting: RHB Mario Chávez 0-0: Ball
1-0: Called Strike
1-1: Swinging Strike
1-2: Ball
2-2: Ball
3-2: Base on Balls
Batting: RHB Steve Albright 0-0: Fly out, F8 (Flyball, 89M)
Batting: SHB Yushua Harith 0-0: Fielders Choice at 2nd, 4-6 (Groundball, 4)
Batting: RHB Wally Briggs 0-0: Ball
Yushua Harith steals 2nd base
1-0: Called Strike
1-1: Ground out 6-3 (Groundball, 6)
Bottom of the 1st over - 0 runs, 0 hits, 0 errors, 1 left on base; Myrtle Beach 0 - Put-In-Bay 0
TOP OF THE 2ND
Myrtle Beach Seahawks batting - Pitching for Put-In-Bay BC : RHP Jason Huggins
Batting: RHB Jon Moon 0-0: Ball
1-0: Ball
2-0: Called Strike
2-1: SOLO HOME RUN (Flyball, 7LD), Distance : 325 ft
Batting: LHB Marc Ben 0-0: Ground out 4-3 (Groundball, 4)
Batting: RHB Lucas Gallant 0-0: Ball
1-0: Swinging Strike
1-1: Ground out 6-3 (Groundball, 6S)
Batting: RHB Roy Burns 0-0: Called Strike
0-1: Foul Ball, location: 2F
0-2: Ball
1-2: Ground out 1-3 (Groundball, 13)
Top of the 2nd over - 1 run, 1 hit, 0 errors, 0 left on base; Myrtle Beach 1 - Put-In-Bay 0
BOTTOM OF THE 2ND
Put-In-Bay BC batting - Pitching for Myrtle Beach Seahawks : RHP Kyle Overhill
Batting: RHB Al Grant 0-0: Ball
1-0: Called Strike
1-1: Ball
2-1: Swinging Strike
2-2: Strikes out looking
Batting: RHB Adam Khan 0-0: Ball
1-0: Foul Ball, location: 2F
1-1: Called Strike
1-2: Ball
2-2: Foul Ball, location: 2F
2-2: Strikes out looking
Batting: RHB Oscar McMillan 0-0: Foul Ball, location: 2F
0-1: Foul Ball, location: 2F
0-2: Ball
1-2: Ground out 5-3 (Groundball, 56)
Bottom of the 2nd over - 0 runs, 0 hits, 0 errors, 0 left on base; Myrtle Beach 1 - Put-In-Bay 0
TOP OF THE 3RD
Myrtle Beach Seahawks batting - Pitching for Put-In-Bay BC : RHP Jason Huggins
Batting: LHB Felipe Soto 0-0: DOUBLE (Line Drive, 7LM)
Batting: RHB Chuk-yan Yang 0-0: Ball
1-0: Ball
2-0: Foul Ball, location: 2F
2-1: Ball
3-1: Base on Balls
Batting: LHB Anastasio Flores 0-0: SINGLE (Groundball, 34D)
Felipe Soto to third
Chuk-yan Yang to second
Batting: RHB Qu-bing Thien 0-0: Called Strike
0-1: Ball
1-1: Hit by Pitch
Felipe Soto scores
Chuk-yan Yang to third
Anastasio Flores to second
Batting: LHB Shohei Otani 0-0: Called Strike
0-1: Ball
1-1: Fly out, F8 (Flyball, 8RM)
Runner from 3rd tags up, SCORES, throw made
Batting: RHB Jon Moon 0-0: Swinging Strike
0-1: DOUBLE (Groundball, 5L)
Anastasio Flores scores
Qu-bing Thien to third
Batting: LHB Marc Ben 0-0: Ball
1-0: Called Strike
1-1: Fly out, F9 (Flyball, 9)
Runner from 3rd tags up, SCORES, throw made
Batting: RHB Lucas Gallant 0-0: Foul Ball, location: 2F
0-1: Fly out, F9 (Flyball, 89S)
Top of the 3rd over - 4 runs, 3 hits, 0 errors, 1 left on base; Myrtle Beach 5 - Put-In-Bay 0
BOTTOM OF THE 3RD
Put-In-Bay BC batting - Pitching for Myrtle Beach Seahawks : RHP Kyle Overhill
Batting: RHB Álex Maroto 0-0: Called Strike
0-1: Ball
1-1: Foul Ball, location: 2F
1-2: Foul Ball, location: 2F
1-2: Fly out, F9 (Flyball, 9)
Batting: RHB Vic Funnell 0-0: Called Strike
0-1: Fly out, F7 (Flyball, 7D)
Batting: RHB Mario Chávez 0-0: Ball
1-0: Called Strike
1-1: Ball
2-1: Foul Ball, location: 2F
2-2: Ball
3-2: Ground out U3 (Groundball, 34)
Bottom of the 3rd over - 0 runs, 0 hits, 0 errors, 0 left on base; Myrtle Beach 5 - Put-In-Bay 0
TOP OF THE 4TH
Myrtle Beach Seahawks batting - Pitching for Put-In-Bay BC : RHP Jason Huggins
Batting: RHB Roy Burns 0-0: Swinging Strike
0-1: Foul Ball, location: 2F
0-2: Ball
1-2: Strikes out swinging
Batting: LHB Felipe Soto 0-0: Called Strike
0-1: Swinging Strike
0-2: Strikes out looking
Batting: RHB Chuk-yan Yang 0-0: Ball
1-0: Ball
2-0: Ball
3-0: Base on Balls
Batting: LHB Anastasio Flores 0-0: Ball
1-0: Ball
2-0: Foul Ball, location: 2F
2-1: Called Strike
Chuk-yan Yang steals 2nd base
2-2: Ball
3-2: Strikes out looking
Top of the 4th over - 0 runs, 0 hits, 0 errors, 1 left on base; Myrtle Beach 5 - Put-In-Bay 0
BOTTOM OF THE 4TH
Put-In-Bay BC batting - Pitching for Myrtle Beach Seahawks : RHP Kyle Overhill
Batting: RHB Steve Albright 0-0: Ball
1-0: Swinging Strike
1-1: Ball
2-1: Ball
3-1: Base on Balls
Batting: SHB Yushua Harith 0-0: Called Strike
0-1: Swinging Strike
0-2: Ball
1-2: SINGLE (Groundball, 34D)
Steve Albright to second
Runner from 2nd tries for 3rd, SAFE, no throw
Batting: RHB Wally Briggs 0-0: Called Strike
0-1: SINGLE (Groundball, 34S) (infield hit)
Steve Albright scores
Yushua Harith to second
Batting: RHB Al Grant 0-0: DOUBLE (Line Drive, 78XD)
Yushua Harith scores
Wally Briggs to third
Batting: RHB Adam Khan 0-0: Ball
1-0: Fly out, F3 (Popup, 3D)
Batting: RHB Oscar McMillan 0-0: Ball
1-0: Ball
2-0: Fly out, F7 (Flyball, 7D)
Runner from 3rd tags up, SCORES, no throw
Batting: RHB Álex Maroto 0-0: Called Strike
0-1: Foul Ball, location: 2F
0-2: Ball
1-2: Strikes out swinging
Bottom of the 4th over - 3 runs, 3 hits, 0 errors, 1 left on base; Myrtle Beach 5 - Put-In-Bay 3
TOP OF THE 5TH
Myrtle Beach Seahawks batting - Pitching for Put-In-Bay BC : RHP Jason Huggins
Batting: RHB Qu-bing Thien 0-0: Called Strike
0-1: Ball
1-1: Ball
2-1: Foul Ball, location: 2F
2-2: Ball
3-2: Base on Balls
Batting: LHB Shohei Otani 0-0: Called Strike
0-1: Ball
1-1: Foul Ball, location: 2F
1-2: Strikes out swinging
Batting: RHB Jon Moon 0-0: Called Strike
0-1: Foul Ball, location: 2F
0-2: Foul Ball, location: 2F
0-2: Strikes out swinging
Batting: LHB Marc Ben 0-0: Foul Ball, location: 2F
0-1: Ball
1-1: Ball
2-1: Foul Ball, location: 2F
2-2: SINGLE (Line Drive, 8RS)
Qu-bing Thien to second
Batting: RHB Lucas Gallant 0-0: Ball
1-0: Called Strike
1-1: Swinging Strike
1-2: Foul Ball, location: 2F
1-2: Foul Ball, location: 2F
1-2: Strikes out looking
Top of the 5th over - 0 runs, 1 hit, 0 errors, 2 left on base; Myrtle Beach 5 - Put-In-Bay 3
BOTTOM OF THE 5TH
Put-In-Bay BC batting - Pitching for Myrtle Beach Seahawks : RHP Kyle Overhill
Batting: RHB Vic Funnell 0-0: Ball
1-0: Called Strike
1-1: Foul Ball, location: 2F
1-2: Fly out, F8 (Flyball, 8RXD)
Batting: RHB Mario Chávez 0-0: Called Strike
0-1: Ground out U3 (Groundball, 34)
Batting: RHB Steve Albright 0-0: Ball
1-0: Ball
2-0: Ground out 5-3 (Groundball, 5)
Bottom of the 5th over - 0 runs, 0 hits, 0 errors, 0 left on base; Myrtle Beach 5 - Put-In-Bay 3
TOP OF THE 6TH
Myrtle Beach Seahawks batting - Pitching for Put-In-Bay BC : RHP Jason Huggins
Batting: RHB Roy Burns 0-0: Ball
1-0: DOUBLE (Line Drive, 7LM)
Batting: LHB Felipe Soto 0-0: Called Strike
0-1: Ball
1-1: SINGLE (Groundball, 34D)
Roy Burns to third
Pitching: RHP Pancho Chacón
Batting: RHB Chuk-yan Yang 0-0: SINGLE (Groundball, 6D)
Roy Burns scores
Felipe Soto to second
Batting: LHB Anastasio Flores 0-0: Ball
1-0: Ball
2-0: Foul Ball, location: 2F
2-1: Called Strike
2-2: Strikes out swinging
Batting: RHB Qu-bing Thien 0-0: Called Strike
0-1: Ball
1-1: Called Strike
1-2: Ball
2-2: DOUBLE (Line Drive, 7LM)
Felipe Soto scores
Chuk-yan Yang to third
Runner from 3rd tries for Home, SAFE, no throw
Batting: LHB Shohei Otani 0-0: Called Strike
0-1: Fly out, F8 (Line Drive, 8RXD)
Runner from 2nd tags up, SAFE at 3rd, no throw
Batting: RHB Jon Moon 0-0: Ball
1-0: Called Strike
1-1: Swinging Strike
1-2: Foul Ball, location: 2F
1-2: Strikes out looking
Top of the 6th over - 3 runs, 4 hits, 0 errors, 1 left on base; Myrtle Beach 8 - Put-In-Bay 3
BOTTOM OF THE 6TH
Put-In-Bay BC batting - Pitching for Myrtle Beach Seahawks : RHP Kyle Overhill
Batting: SHB Yushua Harith 0-0: Called Strike
0-1: Called Strike
0-2: Foul Ball, location: 2F
0-2: Ball
1-2: Ground out 4-3 (Groundball, 4)
Batting: RHB Wally Briggs 0-0: Swinging Strike
0-1: Called Strike
0-2: Ball
1-2: Foul Ball, location: 2F
1-2: Foul Ball, location: 2F
1-2: Strikes out swinging
Batting: RHB Al Grant 0-0: Ball
1-0: Called Strike
1-1: SINGLE (Line Drive, 8LS)
Batting: RHB Adam Khan 0-0: Called Strike
0-1: Ball
1-1: Ground out 4-3 (Groundball, 34)
Bottom of the 6th over - 0 runs, 1 hit, 0 errors, 1 left on base; Myrtle Beach 8 - Put-In-Bay 3
TOP OF THE 7TH
Myrtle Beach Seahawks batting - Pitching for Put-In-Bay BC : RHP Pancho Chacón
Batting: LHB Marc Ben 0-0: Ball
1-0: Called Strike
1-1: Swinging Strike
1-2: Ball
2-2: Foul Ball, location: 2F
2-2: Ground out 4-3 (Groundball, 4)
Batting: RHB Lucas Gallant 0-0: Ball
1-0: Ball
2-0: Ground out 6-3 (Groundball, 6)
Batting: RHB Roy Burns 0-0: Foul Ball, location: 2F
0-1: Ball
1-1: Ball
2-1: Called Strike
2-2: Ball
3-2: Strikes out swinging
Top of the 7th over - 0 runs, 0 hits, 0 errors, 0 left on base; Myrtle Beach 8 - Put-In-Bay 3
BOTTOM OF THE 7TH
Put-In-Bay BC batting - Pitching for Myrtle Beach Seahawks : RHP Kyle Overhill
Pitching: LHP Ramón Anaya
Batting: RHB Oscar McMillan 0-0: Ball
1-0: Ball
2-0: Ball
3-0: Base on Balls
Batting: RHB Álex Maroto 0-0: Ball
1-0: Foul Ball, location: 2F
1-1: Called Strike
1-2: Ball
2-2: Foul Ball, location: 2F
2-2: Strikes out swinging
Batting: RHB Vic Funnell 0-0: Ball
1-0: Foul Ball, location: 2F
1-1: Swinging Strike
1-2: Hit by Pitch
Oscar McMillan to second
Batting: RHB Mario Chávez 0-0: Ball
1-0: Ball
2-0: Grounds into double play, 4-6-3 (Groundball, 4)
Bottom of the 7th over - 0 runs, 0 hits, 0 errors, 1 left on base; Myrtle Beach 8 - Put-In-Bay 3
TOP OF THE 8TH
Myrtle Beach Seahawks batting - Pitching for Put-In-Bay BC : RHP Pancho Chacón
Batting: LHB Felipe Soto 0-0: Called Strike
0-1: Ball
1-1: Ball
2-1: Called Strike
2-2: Ball
3-2: Ground out 3-1 (Groundball, 34S)
Batting: RHB Chuk-yan Yang 0-0: Ball
1-0: Called Strike
1-1: Fly out, F8 (Flyball, 8RM)
Batting: LHB Anastasio Flores 0-0: Foul Ball, location: 2F
0-1: Ball
1-1: Fly out, F7 (Flyball, 78S)
Top of the 8th over - 0 runs, 0 hits, 0 errors, 0 left on base; Myrtle Beach 8 - Put-In-Bay 3
BOTTOM OF THE 8TH
Put-In-Bay BC batting - Pitching for Myrtle Beach Seahawks : LHP Ramón Anaya
Batting: RHB Steve Albright 0-0: Called Strike
0-1: Foul Ball, location: 2F
0-2: Ball
1-2: SINGLE (Groundball, 6MD)
Batting: SHB Yushua Harith 0-0: Swinging Strike
0-1: Ball
1-1: Foul Ball, location: 2F
1-2: Ball
2-2: Foul Ball, location: 2F
2-2: Fielders Choice at 2nd, 5-4 (Groundball, 5L)
Batting: RHB Wally Briggs 0-0: SINGLE (Line Drive, 6M)
Yushua Harith to second
Batting: RHB Al Grant 0-0: Ball
1-0: Foul Ball, location: 2F
1-1: Foul Ball, location: 2F
1-2: Strikes out swinging
Batting: RHB Adam Khan 0-0: Ball
1-0: Called Strike
1-1: Ball
2-1: Foul Ball, location: 2F
2-2: Foul Ball, location: 2F
2-2: Foul Ball, location: 2F
2-2: Fly out, F8 (Flyball, 8RD)
Bottom of the 8th over - 0 runs, 2 hits, 0 errors, 2 left on base; Myrtle Beach 8 - Put-In-Bay 3
TOP OF THE 9TH
Myrtle Beach Seahawks batting - Pitching for Put-In-Bay BC : RHP Pancho Chacón
Batting: RHB Qu-bing Thien 0-0: Ball
1-0: SINGLE (Line Drive, 6D)
Batting: LHB Shohei Otani 0-0: Ball
1-0: Ball
2-0: Swinging Strike
2-1: SINGLE (Groundball, 4MD)
Qu-bing Thien to second
Runner from 2nd tries for 3rd, OUT!
Batting: RHB Jon Moon 0-0: Ball
1-0: Called Strike
1-1: Foul Ball, location: 2F
1-2: Fly out, F7 (Flyball, 7LS)
Batting: LHB Marc Ben 0-0: Called Strike
0-1: Ground out 6-3 (Groundball, 6S)
Top of the 9th over - 0 runs, 2 hits, 0 errors, 1 left on base; Myrtle Beach 8 - Put-In-Bay 3
BOTTOM OF THE 9TH
Put-In-Bay BC batting - Pitching for Myrtle Beach Seahawks : LHP Ramón Anaya
Batting: RHB Oscar McMillan 0-0: Swinging Strike
0-1: Ball
1-1: Ball
2-1: Foul Ball, location: 2F
2-2: SINGLE (Flyball, 7S)
Batting: RHB Álex Maroto 0-0: Ball
1-0: Ball
2-0: SINGLE (Groundball, 6MD)
Oscar McMillan to second
Batting: RHB Vic Funnell 0-0: Ball
1-0: Ball
2-0: Called Strike
2-1: Called Strike
2-2: Foul Ball, location: 2F
2-2: Ball
3-2: Fly out, F8 (Line Drive, 8RD)
Batting: RHB Mario Chávez 0-0: Ball
1-0: Called Strike
1-1: Swinging Strike
1-2: Grounds into double play, 4-6-3 (Groundball, 34)
Bottom of the 9th over - 0 runs, 2 hits, 0 errors, 1 left on base; Myrtle Beach 8 - Put-In-Bay 3
Sunday, March 18th, 2018 - OOTP Baseball 18.8 Build 76